 Dungeon Crawl Stone Soup version 0.27-a0-412-g8dd771eca2 (webtiles) character file.

Game seed: 8052725905944450404

316 wakim the Changer (level 6, -3/38 HPs)
             Began as an Octopode Transmuter on Feb 23, 2021.
             Shot with an arrow by a centaur (12 damage)
             ... on level 5 of the Dungeon.
             The game lasted 00:15:10 (4918 turns).

wakim the Changer (Octopode Transmuter)             Turns: 4918, Time: 00:15:10

Health: -3/38      AC:  2    Str: 11    XL:     6   Next: 44%
Magic:  4/10       EV: 20    Int: 16    God:
Gold:   147        SH:  0    Dex: 17    Spells: 7/11 levels left

rFire    . . .     SeeInvis .     - Unarmed
rCold    . . .     Faith    .   (shield currently unavailable)
rNeg     . . .     Spirit   .   (helmet currently unavailable)
rPois    x         Reflect  .   (no amulet)
rElec    .         Harm     .   (no ring)
rCorr    .         Rampage  .   (no ring)
Will     .....                  (no ring)
Stlth    ++........             (no ring)
HPRegen  0.12/turn              (no ring)
MPRegen  0.12/turn              (no ring)
                                (no ring)
                                (no ring)

@: spider-form, very slightly contaminated
A: tiny, almost no armour, stealthy swim, (amphibious), 8 rings, (constrict 8)
a: End Transformation


You were on level 5 of the Dungeon.
You were a venomous arachnid creature.
You visited 1 branch of the dungeon, and saw 5 of its levels.

You collected 147 gold pieces.

Inventory:

Jewellery
 f - an amulet of guardian spirit
 o - an amulet of the acrobat {unknown}
Scrolls
 a - 8 scrolls of identify {unknown}
 b - a scroll of teleportation {unknown}
 d - 3 scrolls of fear {unknown}
 e - a scroll of amnesia {unknown}
 h - a scroll of noise {unknown}
 k - 2 scrolls of magic mapping {unknown}
 l - a scroll of blinking {unknown}
 m - a scroll of immolation {unknown}
 n - a scroll of random uselessness {unknown}
Potions
 c - 2 potions of haste {unknown}
 g - a potion of heal wounds {unknown}
 i - 2 potions of flight {unknown}
 j - a potion of brilliance {unknown}
 p - a potion of degeneration {unknown}


   Skills:
 + Level 1.2 Fighting
 + Level 2.1 Dodging
 + Level 0.6 Stealth
 * Level 4.4 Unarmed Combat
 - Level 3.0 Spellcasting
 * Level 4.9 Transmutations


You had 7 spell levels left.
You knew the following spells:

 Your Spells              Type           Power        Failure   Level
a - Beastly Appendage     Tmut           36%          10%         1
b - Spider Form           Tmut/Pois      5%           41%         3

Your spell library contained the following spells:

 Spells                   Type           Power        Failure   Level
 Wereblood                Tmut           18%          12%         2
 Magic Dart               Conj           8%           38%         1
 Blink                    Tloc           N/A          50%         2
 Call Imp                 Summ           2%           50%         2
 Slow                     Hex            2%           50%         2
 Conjure Flame            Conj/Fire      2%           71%         3
 Mephitic Cloud           Conj/Pois/Air  2%           71%         3
 Ice Form                 Ice/Tmut       10%          77%         4
 Blade Hands              Tmut           9%           77%         5


Dungeon Overview and Level Annotations

Branches:
Dungeon (5/15)
 Temple: D:4-7

Altars:
Nemelex Xobeh
Sif Muna
The Shining One


Innate Abilities, Weirdness & Mutations

You cannot wear most types of armour.
You are very stealthy in the water. (Stealth+)
((You are amphibious.))
You can wear up to eight rings at the same time.
((You can use your tentacles to constrict eight enemies at once.))
((Your skin changes colour to match your surroundings (Stealth+).))
((Your rubbery body absorbs attacks. (AC +1, EV +1)))


Message History

Done exploring.
There is a stone staircase leading down here.
You climb downwards.
There is a stone staircase leading up here.
An adder zombie comes into view.
The adder zombie closely misses you.
You tentacle-slap the adder zombie. You grab the adder zombie.
You squeeze the adder zombie.
The adder zombie is severely damaged.
You constrict the adder zombie. The adder zombie closely misses you.
You bludgeon the adder zombie!
You destroy the adder zombie!
Found 22 stones.
You see here 22 stones.
Found 18 stones.
A centaur comes into view.
The centaur shouts!
The centaur wields a +0 shortbow.
The centaur shoots an arrow.
The arrow hits you!
Found an agate ring.
A worker ant comes into view.
The centaur shoots an arrow.
The arrow closely misses you.
The worker ant moves out of view.
The centaur shoots an arrow.
The arrow hits you!
The centaur shoots an arrow.
The arrow barely misses you.
Found a stone staircase leading down.
Casting: Spider Form (quite dangerous; 21% risk of failure)
Confirm with . or Enter, or press ? or * to list all spells.
The spell is quite dangerous to cast (21% risk of failure)!
Continue anyway?
You miscast Spider Form.
You are very lightly contaminated with residual magic.
Nothing appears to happen.
Casting: Spider Form (quite dangerous; 21% risk of failure)
Confirm with . or Enter, or press ? or * to list all spells.
The spell is quite dangerous to cast (21% risk of failure)!
Continue anyway?
You turn into a venomous arachnid creature.
The centaur shoots an arrow.
The arrow hits you!
* * * LOW HITPOINT WARNING * * *
The centaur shoots an arrow.
The arrow hits you!
You die...

........# #..<.....
...####.# #########
.....##.##
#....############
##...............##
#..##.##.####!c...
#..##.##.c....B...
#.(##.##.###..#...
#.###.##s# .... ..
#.##.# #..= ...
#.##.B........ .#.
#........... #
###.......#.
#...###.# #.... #
#>#.# #. ..


You could see a centaur and a worker ant.

Vanquished Creatures
  3 orc priests (D:4)
  A jelly (D:4)
  Crazy Yiuf (D:2)
  An iguana (D:4)
  A worker ant (D:4)
  4 adders
  An adder zombie (D:5)
  2 worms
  6 dart slugs
  A leopard gecko (D:1)
  5 orcs
  A ball python (D:3)
  2 giant cockroaches
  5 goblins
  7 hobgoblins
  2 jackals (D:1)
  9 kobolds
  3 bats
  10 frilled lizards
  7 rats
72 creatures vanquished.

Notes
Turn   | Place    | Note
-------+----------+-------------------------------------------
     0 | D:1      | wakim the Octopode Transmuter began the quest for the Orb.
     0 | D:1      | Reached XP level 1. HP: 13/13 MP: 3/3
   330 | D:1      | Reached XP level 2. HP: 14/18 MP: 3/5
   908 | D:1      | Reached XP level 3. HP: 9/23 MP: 6/6
  1202 | D:1      | Learned a level 3 spell: Spider Form
  1586 | D:2      | Reached XP level 4. HP: 28/28 MP: 5/7
  2113 | D:2      | Found a runed translucent door.
  2114 | D:2      | Noticed Crazy Yiuf
  2153 | D:2      | Killed Crazy Yiuf
  2632 | D:3      | Found a sparkling altar of Nemelex Xobeh.
  2666 | D:3      | Reached XP level 5. HP: 33/33 MP: 9/9
  2876 | D:3      | Found a glowing golden altar of the Shining One.
  3639 | D:4      | Reached XP level 6. HP: 38/38 MP: 10/10
  3661 | D:4      | Found a shimmering blue altar of Sif Muna.
  4865 | D:5      | Entered Level 5 of the Dungeon
  4918 | D:5      | Shot with an arrow by a centaur

Illustrated notes

Levels and vault maps discovered:
D:1:      roderic_chinese_lattice_arrival, layout_basic, minivault_24,
          nrook_mini_vaults
D:2:      layout_loops_ring, uniq_crazy_yiuf_cottage
D:3:      layout_basic, nemelex_xobeh_ov_fountains_minmay,
          nicolae_tso_swordbearing_angel
D:4:      layout_basic, old_standard_altar
D:5:      layout_loops_ring, nicolae_overflow_crystal_walls,
          minmay_temple_entry_wispy, serial_shops, shop, minmay_joined_circles

Skill      XL: |  1  2  3  4  5 |
---------------+----------------+-----
Transmutations | 3 4 |  4.9
Spellcasting   | 3 |  3.0
Unarmed Combat | 4 |  4.4
Fighting       | |  1.2
Dodging        | |  2.1
Stealth        | |  0.6

Action                   |  1- 3 |  4- 6 || total
-------------------------+-------+-------++-------
Melee: Unarmed           |    75 |    99 ||   174
       Kick              |    29 |     4 ||    33
       Constrict         |    23 |    19 ||    42
       Punch             |     3 |     2 ||     5
       Tentacles         |     2 |    13 ||    15
 Cast: Beastly Appendage |    24 |     7 ||    31
       Spider Form       |       |     6 ||     6
 Stab: Sleeping          |     1 |     5 ||     6
       Distracted        |       |     1 ||     1
Armor: Skin              |     5 |     5 ||    10
Dodge: Dodged            |    36 |    55 ||    91

Table legend: (Time is in decaauts)
 A = Elapsed time spent in this place.
 B = Non-inter-level travel time spent in this place.
 C = Inter-level travel time spent in this place.
 D = Time resting spent in this place.
 E = Time spent auto-exploring this place.
 F = Levels seen in this place.
 G = Mean time per level.
                   A        B        C        D        E       F      G
               +--------+--------+--------+--------+--------+-----+--------+
         Total |   4908 |   4753 |    155 |   1747 |   2319 |   5 |  981.6 |
       Dungeon |   4908 |   4753 |    155 |   1747 |   2319 |   5 |  981.6 |
               +--------+--------+--------+--------+--------+-----+--------+

Top non-repeatable levels by time:
     D:1: 1497 daAuts
     D:4: 1432 daAuts
     D:3: 1023 daAuts
     D:2: 901 daAuts
     D:5: 52 daAuts
